 Dungeon Crawl Stone Soup version 0.27-a0-1196-g3e9cee4 (webtiles) character file.

Game seed: 14689226817158472794

57 Meow the Sneak (level 4, 31/36 HPs)
             Began as a Naga Venom Mage on May 27, 2021.
             Quit the game on level 2 of the Dungeon.
             The game lasted 00:03:56 (1059 turns).

Meow the Sneak (Naga Venom Mage)                    Turns: 1059, Time: 00:03:56

Health: 31/36      AC:  2    Str: 10    XL:     4   Next: 0%
Magic:  2/8        EV: 10    Int: 16    God:
Gold:   43         SH:  0    Dex: 12    Spells: 1/8 levels left

rFire    . . .     SeeInvis +   a - +0 short sword
rCold    . . .     Faith    .   (no shield)
rNeg     . . .     Spirit   .   e - +0 robe
rPois    +         Reflect  .   (no helmet)
rElec    .         Harm     .   (no cloak)
rCorr    .         Rampage  .   (no gloves)
Will     .....                  (no barding)
Stlth    +++.......             (no amulet)
HPRegen  0.12/turn              (no ring)
MPRegen  0.11/turn              (no ring)

@: short of breath, very slow
A: AC +1, large, see invisible, deformed body, poison resistance, slowness 2,
spit poison 1, naga tail 1
a: Spit Poison


You were on level 2 of the Dungeon.
You visited 1 branch of the dungeon, and saw 2 of its levels.

You collected 43 gold pieces.

Inventory:

Hand Weapons
 a - a +0 short sword (weapon)
 g - a +0 hunting sling
Missiles
 b - 2 javelins (quivered)
 d - 22 arrows
 f - 36 stones
Armour
 e - a +0 robe (worn)
Scrolls
 h - a scroll of teleportation
 j - a scroll of enchant armour
Potions
 c - 2 potions of degeneration


   Skills:
 - Level 1.5 Dodging
 * Level 4.6 Stealth
 * Level 2.9 Spellcasting
 + Level 1.2 Conjurations
 - Level 1.0 Transmutations
 - Level 4.0 Poison Magic


You had one spell level left.
You knew the following spells:

 Your Spells              Type           Power      Damage    Failure   Level
a - Sting                 Tmut/Pois      40%        1d5       7%          1
c - Mephitic Cloud        Conj/Pois/Air  7%         N/A       28%         3
C - Ignite Poison         Fire/Tmut/Pois 7%         N/A       28%         3

Your spell library contained the following spells:

 Spells                   Type           Power      Damage    Failure   Level
 Poisonous Vapours        Pois/Air       16%        N/A       13%         2
 Olgreb's Toxic Radiance  Pois           15%        N/A       34%         4


Dungeon Overview and Level Annotations

Branches:
Dungeon (2/15)

Altars:


Innate Abilities, Weirdness & Mutations

Your serpentine skin is tough. (AC +1)
You have supernaturally acute eyesight. (SInv)
Armour fits poorly on your strangely shaped body.
Your system is resistant to poisons. (rPois)
You cover ground very slowly.
You can spit poison.
You have a snake-like lower body.


Message History

Aim: a gnoll, wielding a +0 flail (lightly wounded, poisoned, chance to affect: 91%)
The ball explodes into a vile cloud!
The stinking cloud engulfs the gnoll but does no damage.
The gnoll is lightly wounded.
The stinking cloud engulfs you but does no damage.
The gnoll looks more healthy.
The gnoll is engulfed in noxious fumes.
The gnoll appears confused.
Unknown command.
Unknown command.
You have got your breath back.
The gnoll is engulfed in noxious fumes.
The gnoll appears confused.
The gnoll barely misses you.
Press: ? - help, Shift-Dir - straight line, f/p - gnoll
Aim: a gnoll, wielding a +0 flail (noxious fumes, moderately wounded, confused)
The splash of poison hits the gnoll.
The gnoll is heavily wounded.
The gnoll is engulfed in noxious fumes.
The gnoll appears confused.
The gnoll hits you with a +0 flail.
Unknown command.
The gnoll is engulfed in noxious fumes.
The gnoll appears confused.
Casting: Mephitic Cloud (extremely dangerous; 28% risk of failure)
Confirm with . or Enter, or press ? or * to list all spells.
Aiming: Sting (safe; 7% risk of failure)
Press: ? - help, Shift-Dir - straight line, f/p - gnoll
Aim: a gnoll, wielding a +0 flail (severely wounded, confused, 94% to hit)
The sting hits the gnoll.
The gnoll is poisoned.
The gnoll is almost dead.
Unknown command.
Casting: Sting (safe; 7% risk of failure)
Confirm with . or Enter, or press ? or * to list all spells.
Aiming: Sting (safe; 7% risk of failure)
Press: ? - help, Shift-Dir - straight line, f/p - gnoll
Aim: a gnoll, wielding a +0 flail (almost dead, confused, poisoned, 94% to hit)
The sting hits the gnoll but does no damage.
The gnoll looks even sicker.
The gnoll is almost dead.
You kill the gnoll!
You have reached level 4!
You feel agile.
Are you sure you want to abandon this character and quit the game? (Confirm with "yes".)

#.........#.######
#.#.#.....#......#
#.........######.###
#.(.†.........#<...#
#.........###.#..###
###.####### #.#..#
... ...# #.#..#
###.###.#####.#..#
#.#...)@..#...##
#.#.#.##.####.#
#...#.##.# #.#
#####.##.# #.#
..##)# #.#
####.####.# #....).#
########


There were no monsters in sight!

Vanquished Creatures
  3 gnolls (D:2)
  A dart slug (D:1)
  A bat (D:2)
  4 endoplasms (D:1)
  A giant cockroach (D:1)
  2 goblins (D:1)
  A hobgoblin (D:1)
  2 kobolds (D:1)
  A quokka (D:1)
  3 ball pythons (D:1)
  5 frilled lizards
  3 rats (D:1)
27 creatures vanquished.

Notes
Turn   | Place    | Note
-------+----------+-------------------------------------------
     0 | D:1      | Meow the Naga Venom Mage began the quest for the Orb.
     0 | D:1      | Reached XP level 1. HP: 15/15 MP: 3/3
   257 | D:1      | Reached XP level 2. HP: 22/22 MP: 5/5
   300 | D:1      | Found a faded altar of an unknown god.
   711 | D:1      | Reached XP level 3. HP: 28/28 MP: 6/6
   715 | D:1      | Learned a level 3 spell: Ignite Poison
   719 | D:1      | Learned a level 3 spell: Mephitic Cloud
   958 | D:2      | Reached skill level 1 in Conjurations
  1059 | D:2      | Reached XP level 4. HP: 31/36 MP: 2/8
  1059 | D:2      | Quit the game

Illustrated notes

Levels and vault maps discovered:
D:1:      pf_arrival_petrified_forest, layout_loops_ring,
          hellmonk_ecumenical_altar_crossroads, minmay_3d_cube
D:2:      layout_basic, uniq_jessica, uniq_robin

Skill      XL: |  1  2  3 |
---------------+----------+-----
Stealth        | 4 |  4.6
Conjurations   | 1 |  1.2
Dodging        | |  1.5
Spellcasting   | |  2.9
Transmutations | |  1.0
Poison Magic   | |  4.0

Action                   |  1- 3 |  4- 6 || total
-------------------------+-------+-------++-------
Throw: Javelin           |    12 |       ||    12
 Cast: Sting             |    11 |       ||    11
       Mephitic Cloud    |     2 |       ||     2
 Abil: Spit Poison       |    24 |       ||    24
  Use: Scroll            |     3 |       ||     3
Armor: Robe              |     1 |       ||     1
Dodge: Dodged            |     3 |       ||     3

Table legend: (Time is in decaauts)
 A = Elapsed time spent in this place.
 B = Non-inter-level travel time spent in this place.
 C = Inter-level travel time spent in this place.
 D = Time resting spent in this place.
 E = Time spent auto-exploring this place.
 F = Levels seen in this place.
 G = Mean time per level.
                   A        B        C        D        E       F      G
               +--------+--------+--------+--------+--------+-----+--------+
         Total |   1412 |   1370 |     42 |     87 |   1053 |   2 |  706.0 |
       Dungeon |   1412 |   1370 |     42 |     87 |   1053 |   2 |  706.0 |
               +--------+--------+--------+--------+--------+-----+--------+

Top non-repeatable levels by time:
     D:1: 1205 daAuts
     D:2: 207 daAuts
